 Dungeon Crawl Stone Soup version 0.26-a0-812-g31a745ddcd (webtiles) character file.

Game seed: 4552006787978949868

73 Azzok the Chopper (level 4, 34/35 HPs)
             Began as a Demonspawn Berserker on Nov 15, 2020.
             Was a Believer of Trog.
             Quit the game on level 3 of the Dungeon.
             The game lasted 00:01:45 (2398 turns).

Azzok the Chopper (Demonspawn Berserker)            Turns: 2398, Time: 00:01:46

Health: 34/35      AC:  8    Str: 18    XL:     4   Next: 8%
Magic:  4/4        EV:  7    Int:  8    God:    Trog [**....]
Gold:   90         SH:  0    Dex: 13    Spells: 3/3 levels left

rFire    . . .     SeeInvis .   a - +0 hand axe
rCold    + . .     Faith    .   (no shield)
rNeg     . . .     Spirit   .   l - +0 chain mail
rPois    .         Reflect  .   (helmet restricted)
rElec    .         Harm     .   (no cloak)
rCorr    +         Rampage  .   (no gloves)
MR       .....                  (no boots)
Stlth    ..........             (no amulet)
HPRegen  0.11/turn              f - ring of resist corrosion
MPRegen  0.09/turn              (no ring)

@: no status effects
A: horns 1, cold resistance 1
a: Berserk, Trog's Hand, Renounce Religion


You were on level 3 of the Dungeon.
You worshipped Trog.
Trog was pleased with you.
You visited 1 branch of the dungeon, and saw 3 of its levels.

You collected 90 gold pieces.

Inventory:

Hand Weapons
 a - a +0 hand axe (weapon)
Armour
 l - a +0 chain mail (worn)
Jewellery
 f - a ring of resist corrosion (left hand)
 n - an uncursed ring of stealth {unknown}
Scrolls
 b - a scroll of fear {unknown}
 e - a scroll of immolation {unknown}
 g - 2 scrolls of remove curse {unknown}
 h - 2 scrolls of identify {unknown}
 m - 2 scrolls of fog {unknown}
Potions
 c - a potion of mutation {unknown}
 d - a potion of degeneration {unknown}
 i - a potion of heal wounds {unknown}
 j - a potion of lignification {unknown}
 k - a potion of ambrosia {unknown}


   Skills:
 - Level 3.0 Fighting
 + Level 4.5 Axes
 - Level 1.7 Armour
 - Level 1.7 Dodging


You had 3 spell levels left.
You didn't know any spells.
Your spell library was empty.

Dungeon Overview and Level Annotations

Branches:
Dungeon (3/15)

Altars:
The Shining One


Innate Abilities, Weirdness & Mutations

You have a pair of small horns on your head.
Your flesh is cold resistant. (rC+)


Message History

The jackal is heavily wounded.
The jackal bites you but does no damage.
You hit the jackal.
You kill the jackal!
Trog accepts your kill.
No target in view!
No target in view!
No target in view!
No target in view!
No target in view!
No target in view!
No target in view!
No target in view!
No target in view!
No target in view!
No target in view!
No target in view!
No target in view!
No target in view!
Are you sure you want to abandon this character and quit the game? (Confirm with "yes".)

··▒·· ▒▒▒ ·▒
··▒·· $·▒··▒
╬▒···▒▒·▒··▒▒▒
······▒·▒····▒·
▒·······▒······
▒··············
▒·····<···▒
▒·······▒·▒·▒·
▒·>·▒▒@·······
▒·▒ ▒†·▒·▒·▒▒ ▒
·····▒ ·▒··▒▒▒
▒·▒··· ▒ ▒··▒▒
···▒ ▒·▒▒


There were no monsters in sight!

Vanquished Creatures
  An adder (D:2)
  An ooze (D:2)
  A worm (D:2)
  4 leopard geckos
  6 bats
  A giant cockroach (D:1)
  5 goblins
  7 hobgoblins
  6 jackals
  7 kobolds
  A ball python (D:1)
  5 frilled lizards
  4 rats
49 creatures vanquished.

Notes
Turn   | Place    | Note
-------+----------+-------------------------------------------
     0 | D:1      | Azzok the Demonspawn Berserker began the quest for the Orb.
     0 | D:1      | Reached XP level 1. HP: 18/18 MP: 1/1
    61 | D:1      | Reached skill level 3 in Axes
   181 | D:1      | Gained mutation: Your flesh is cold resistant. (rC+)
                  | [demonic ancestry]
   181 | D:1      | Reached XP level 2. HP: 7/24 MP: 2/2
   595 | D:1      | Reached ** piety under Trog
   675 | D:1      | Reached XP level 3. HP: 19/29 MP: 3/3
  1559 | D:2      | Reached skill level 4 in Axes
  2065 | D:2      | Found a glowing golden altar of the Shining One.
  2189 | D:2      | Gained mutation: You have a pair of small horns on your
                  | head. [demonic ancestry]
  2189 | D:2      | Reached XP level 4. HP: 35/35 MP: 4/4
  2398 | D:3      | Quit the game

Illustrated notes

Levels and vault maps discovered:
D:1:      nagdon_arrival_zigzag_paths, layout_basic
D:2:      layout_basic, lemuel_doored_altar
D:3:      layout_basic

Skill      XL: |  1  2  3 |
---------------+----------+-----
Axes           | 3 4 |  4.5
Fighting       | |  3.0
Armour         | |  1.7
Dodging        | |  1.7

Action                   |  1- 3 |  4- 6 || total
-------------------------+-------+-------++-------
Melee: Hand axe          |   132 |     7 ||   139
Invok: Berserk           |     2 |       ||     2
 Stab: Sleeping          |     1 |       ||     1
Armor: Animal skin       |    20 |       ||    20
       Chain mail        |    26 |     5 ||    31
Dodge: Dodged            |   103 |     3 ||   106

Table legend: (Time is in decaauts)
 A = Elapsed time spent in this place.
 B = Non-inter-level travel time spent in this place.
 C = Inter-level travel time spent in this place.
 D = Time resting spent in this place.
 E = Time spent auto-exploring this place.
 F = Levels seen in this place.
 G = Mean time per level.
                   A        B        C        D        E       F      G
               +--------+--------+--------+--------+--------+-----+--------+
         Total |   2439 |   2394 |     45 |    350 |   1700 |   3 |  813.0 |
       Dungeon |   2439 |   2394 |     45 |    350 |   1700 |   3 |  813.0 |
               +--------+--------+--------+--------+--------+-----+--------+

Top non-repeatable levels by time:
     D:1: 1275 daAuts
     D:2: 1153 daAuts
     D:3: 10 daAuts
